 Dungeon Crawl Stone Soup version 0.29-a0-577-gafbf2c5d25 (webtiles) character file.

Game seed: 16446715911525333127

9 Zeld the Caller (level 2, 11/11 HPs)
             Began as a Felid Summoner on June 13, 2022.
             Quit the game on level 1 of the Dungeon.
             The game lasted 00:01:02 (328 turns).

Zeld the Caller (Felid Summoner)                     Turns: 328, Time: 00:01:03

Health: 11/11      AC:  1    Str:  4    XL:     2   Next: 6%
Magic:  6/6        EV: 17    Int: 16    God:
Gold:   12         SH:  0    Dex: 16    Spells: 4/5 levels left
                                        Lives:  0   Deaths: 0

rFire   . . .      SeeInvis +   (weapon unavailable)
rCold   . . .      Faith    .   (shield unavailable)
rNeg    . . .      Spirit   .   (body armour unavailable)
rPois   .          Reflect  .   (helmet unavailable)
rElec   .          Harm     .   (cloak unavailable)
rCorr   .          Rampage  .   (gloves unavailable)
Will    .....                   (boots unavailable)
Stlth   ++........              (no amulet)
HPRegen 0.03/turn               (no ring)
MPRegen 0.10/turn               (no ring)

@: quick
A: very small, claws 1, fangs 3, see invisible, speed 1, shaggy fur 1, stealthy
paws, no weapons or thrown items, no armour, multi-lived
a: no special abilities


You were on level 1 of the Dungeon.
You visited 1 branch of the dungeon, and saw 1 of its levels.

You collected 12 gold pieces.

Inventory:

Scrolls
 b - a scroll of magic mapping {unknown}
Potions
 a - a potion of magic


   Skills:
 + Level 3.0 Dodging
 - Level 2.6 Stealth
 * Level 2.2 Spellcasting
 * Level 4.2 Summonings


You had 4 spell levels left.
You knew the following spells:

 Your Spells              Type           Power      Damage    Failure   Level
a - Summon Small Mammal   Summ           60%        N/A       3%          1

Your spell library contained the following spells:

 Spells                   Type           Power      Damage    Failure   Level
 Call Imp                 Summ           15%        N/A       5%          2
 Call Canine Familiar     Summ           15%        N/A       11%         3
 Summon Guardian Golem    Hex/Summ       8%         N/A       26%         3
 Summon Lightning Spire   Summ/Air       8%         N/A       63%         4


Dungeon Overview and Level Annotations

Branches:
Dungeon (1/15)

Altars:


Innate Abilities, Weirdness & Mutations

You have sharp claws.
You have razor-sharp teeth.
You have supernaturally acute eyesight. (SInv)
You cover ground quickly. (Speed+)
You are covered in fur. (AC +1)
Your paws help you pounce on unaware monsters.
You are incapable of wielding weapons or throwing items.
You cannot wear armour.
You gain extra lives every three experience levels.


Message History

Your bat hits the plant.
The plant begins to die.
Your bat hits the plant. x2
You scratch the dart slug.
The dart slug is moderately wounded.
Your bat hits the plant. x2; The dart slug misses you.
Your bat hits the plant. You barely miss the dart slug.
The dart slug is moderately wounded.
Your bat hits the plant. x2; The dart slug closely misses you.
Your bat hits the plant.
Your unstable footing causes you to fumble your attack.
A nearby plant withers and dies.
Your bat hits the dart slug. Your bat hits the plant.
The plant begins to die.
Your unstable footing causes you to fumble your attack.
The dart slug closely misses you.
Your bat hits the dart slug. You scratch the dart slug. You bite the dart slug.
You kill the dart slug!
A nearby plant withers and dies.
You have reached level 2!
A nearby plant withers and dies.
Your bat disappears in a puff of smoke!
A frilled lizard comes into view.
The frilled lizard hisses angrily.
A frilled lizard is nearby!
A frilled lizard is nearby!
A frilled lizard is nearby!
You enter the shallow water.
Moving in this stuff is going to be slow.
You swap places.
Your quokka splashes around in the water.
You scratch the frilled lizard.
You kill the frilled lizard!
Your Dodging skill increases to level 3!
You swap places.
Your quokka disappears in a puff of smoke!
Found a stone staircase leading down.
You enter the shallow water.
Moving in this stuff is going to be slow.
You enter the shallow water.
Moving in this stuff is going to be slow.
A rat comes into view.
Are you sure you want to abandon this character and quit the game? (Confirm with "yes".)

##.P≈P♣PP≈♣ #..≈♣≈≈≈≈≈P
########.≈≈≈≈≈≈≈≈≈
#....>...≈♣♣≈♣≈≈≈P
#........≈≈≈P≈≈≈≈≈
#........≈≈≈≈≈≈≈≈≈
#.......≈♣≈≈≈≈≈≈≈≈
#######.......PPP≈≈≈≈≈≈≈
.......@.##.##♣≈P≈≈≈≈≈≈≈
.........##...♣♣≈≈≈≈≈≈≈≈
.........####.♣♣≈≈≈≈≈≈≈≈
.........# #.♣≈P≈≈≈≈≈≈≈
r........# #.♣♣≈≈≈≈≈≈≈≈
.........# #.≈≈≈≈≈≈≈≈≈≈
.........# #.≈♣≈≈♣P≈≈≈≈
.........# ##..♣≈≈PP≈≈≈≈
##...♣≈≈≈≈≈≈≈≈


You could see a rat (asleep).

Vanquished Creatures
  A dart slug (D:1)
  A ball python (D:1)
  A frilled lizard (D:1)
3 creatures vanquished.

Vanquished Creatures (collateral kills)
  An endoplasm (D:1)
  A hobgoblin (D:1)
  2 ball pythons (D:1)
  A kobold (D:1)
  A rat (D:1)
6 creatures vanquished.

Vanquished Creatures (others)
  4 plants (D:1)
4 creatures vanquished.

Grand Total: 13 creatures vanquished

Notes
Turn   | Place    | Note
-------+----------+-------------------------------------------
     0 | D:1      | Zeld the Felid Summoner began the quest for the Orb.
     0 | D:1      | Reached XP level 1. HP: 7/7 MP: 4/4
   186 | D:1      | Reached XP level 2. HP: 11/11 MP: 4/6
   328 | D:1      | Quit the game

Illustrated notes

Levels and vault maps discovered:
D:1:      erik_arrival_orb_chamber, layout_rooms, serial_bayou,
          serial_bayou_pond_e, serial_bayou_lagoon_b, serial_bayou_shore_a,
          serial_bayou_pond_e, serial_bayou_lake_a

Skill      XL: |  1  2 |
---------------+-------+-----
Dodging        | 3 |  3.0
Stealth        | |  2.6
Spellcasting   | |  2.2
Summonings     | |  4.2

Action                   || total
-------------------------++-------
Melee: Unarmed           ||     9
       Bite              ||     1
 Cast: Summon Small Mamm ||     5
Dodge: Dodged            ||     6

Table legend: (Time is in decaauts)
 A = Elapsed time spent in this place.
 B = Non-inter-level travel time spent in this place.
 C = Inter-level travel time spent in this place.
 D = Time resting spent in this place.
 E = Time spent auto-exploring this place.
 F = Levels seen in this place.
 G = Mean time per level.
                   A        B        C        D        E       F      G
               +--------+--------+--------+--------+--------+-----+--------+
         Total |    321 |    321 |      0 |      1 |    260 |   1 |  321.0 |
       Dungeon |    321 |    321 |      0 |      1 |    260 |   1 |  321.0 |
               +--------+--------+--------+--------+--------+-----+--------+

Top non-repeatable levels by time:
     D:1: 321 daAuts
